 Dungeon Sprint DCSS version 0.17-a0-1651-gae1a69f (webtiles) character file.

115255 Kidiri the Imperceptible (level 15, -33/63 HPs)
             Began as a Spriggan Enchanter on Aug 14, 2015.
             Was the Champion of Dithmenos.
             Killed by the power of Zot (38 damage)
             ... in the Dungeon (Sprint III: "The Ten Rune Challenge").
             The game lasted 00:41:36 (8856 turns).

Kidiri the Imperceptible (Spriggan Enchanter)       Turns: 8856, Time: 00:41:37

Health: -33/63     AC:  7    Str:  6    XL:     15   Next: 43%
Magic:  40/41      EV: 44    Int: 23    God:    Dithmenos [******]
Gold:   3351       SH:  0    Dex: 23    Spells: 9 memorised, 32 levels left

rFire  . . .     SeeInvis +     t - +8 rapier (holy)
rCold  . . .     Clarity  +     b - +1 robe
rNeg   + . .     SustAt   .     (shield restricted)
rPois  .         Gourm    .     s - +1 hat {MR+}
rElec  .         Spirit   .     a - +2 cloak
rCorr  .         Warding  .     (gloves unavailable)
rMut   .         NoTele   +     (boots unavailable)
MR     ++++.                    (no amulet)
Stlth  ++++++++++               i - ring of Naohal {+Fly Int+4}
                                f - ring of Xean {rN+ MR+ EV+2 Dex+2 Slay+3}

@: exhausted, slowed, wreathed by umbra, quick, incredibly resistant to hostile
enchantments, uncannily stealthy
A: unfitting armour, hooves 1, see invisible, clarity, deterioration 1,
herbivore 3, speed 3, slow metabolism 2, strong 1
a: Shadow Step, Shadow Form, Renounce Religion, Evoke Flight
}: 2/10 runes: serpentine, barnacled


You were in the Dungeon.
You worshipped Dithmenos.
Dithmenos was exalted by your worship.
You were not hungry.

You visited 1 branch You collected 4770 gold pieces.
You spent 1419 gold pieces at shops.

Inventory:

Hand weapons
 t - a +8 rapier of holy wrath (weapon)
Missiles
 e - 9 throwing nets (quivered)
Armour
 a - a +2 cloak (worn)
 b - a +1 robe (worn)
 s - a +1 hat of magic resistance (worn)
Jewellery
 f - the ring of Xean (left hand) {rN+ MR+ EV+2 Dex+2 Slay+3}
   (You bought it in a shop in the Dungeon)

   [ring of evasion]

   It affects your evasion (+2).
   It affects your dexterity (+2).
   It affects your accuracy and damage with ranged weapons and melee attacks
   (+3).
   It protects you from negative energy.
   It affects your resistance to hostile enchantments.
 i - the ring of Naohal (right hand) {+Fly Int+4}
   (You bought it in a shop in the Dungeon)

   [ring of flight]

   It affects your intelligence (+4).
   It lets you fly.
 q - an uncursed ring of magical power
Magical devices
 k - a wand of confusion (29)
 u - a wand of disintegration (6)
Scrolls
 r - 2 scrolls of amnesia
 y - a scroll of identify
Potions
 g - a potion of haste
 h - 4 potions of magic
 n - 2 potions of might
 o - a potion of resistance
 p - 3 potions of cure mutation
Comestibles
 c - 27 royal jellies
 d - a bread ration
 j - 7 fruits


   Skills:
 + Level 15.1 Short Blades
 * Level 25.1 Dodging
 * Level 26.9 Stealth
 * Level 21.8 Spellcasting
 + Level 11.0 Conjurations
 + Level 16.5 Hexes
 + Level 8.5 Translocations
 + Level 12.0 Ice Magic
 + Level 5.3 Earth Magic
 - Level 12.8 Invocations
 + Level 6.1 Evocations


You had 32 spell levels left.
You knew the following spells:

 Your Spells              Type           Power        Failure   Level  Hunger
a - Corona                Hex            #######      0%          1    None
b - Ensorcelled Hibernat  Hex/Ice        ######       0%          2    None
c - Confuse               Hex            #######.     0%          3    None
d - Tukima's Dance        Hex            #######.     0%          3    None
e - Dazzling Spray        Conj/Hex       ######..     1%          3    None
f - Slow                  Hex            #######.     0%          2    None
g - Gell's Gravitas       Hex/Tloc       ######....   1%          3    None
h - Cause Fear            Hex            #######...   1%          4    None
i - Leda's Liquefaction   Hex/Erth       ######....   1%          4    None


Dungeon Overview and Level Annotations

Branches:
Dungeon (1/1)

Altars:
Cheibriados
Dithmenos
Elyvilon
Fedhas
Gozag
Kikubaaqudgha
Makhleb
Nemelex Xobeh
Okawaru
Qazlal
Ru
Sif Muna
Trog
Vehumet
Xom
Yredelemnul
Zin
The Shining One
Jiyva
Lugonu

Shops:
D [%=[%[=}[%*!:(?=[=(


Innate Abilities, Weirdness & Mutations

You are tiny and cannot use many weapons and most armour.
You have supernaturally acute eyesight.
You are a herbivore.
You cover ground extremely quickly.
You need consume almost no food.
You have large cloven feet.
You possess an exceptional clarity of mind.
Your body sometimes deteriorates upon taking damage.
Your muscles are strong. (Str +2)


Message History

Press: ? - help, Shift-Dir - straight line, f - hellwing
Aim: a hellwing (black smoke, lightly wounded, summoned, umbra)
You throw a throwing net. The throwing net hits the hellwing.
The hellwing is caught in the net!
The hellwing is lightly wounded.
Your shadow throws a throwing net.
The throwing net hits the hellwing.
The hellwing is lightly wounded.
The throwing net disappears in a puff of smoke!
The hellwing struggles against the net.
The mummy priest utters an invocation to its god.
The phantasmal warrior blinks!
The soul eater struggles against the net.
The hellwing struggles against the net.
The phantasmal warrior blinks!
The soul eater struggles against the net.
The hellwing struggles against the net.
The power of Zot is invoked against you!
There is a sudden explosion of frost!
The explosion engulfs you!
Ouch! That really hurt!
You die...

.#)#.#.#(#)#.#)#)#.#
.#+#+#+#+#+#+#+#+#'#
.#.....^.....^^...^#
##^...^^...^..^.^..#
*#'#+#+#+#+#+#'#+#+#
,#/#)#)#.#.#.#)#.#)#
,▓'▓▓▓▓▓▓▓▓▓▓▓▓▓▓▓▓▓
,▓..#..^.^........^#
,▓..#....^^...^^@..#
,▓..#.^##########.W#
*▓..#.^#,,,,,,,,#W^#
,▓..#.^#,,,,,,,,#W.#
,▓.^#..#,,,,,,,,#W.#
,▓..#..#,,,,,,,,#34#
*▓.^#..#+########WM#
,▓..#..#,..WW^.WMWM#
,▓..'..#,...W.zz§WW#


You could see a mummy priest, a soul eater (caught), a shadow wraith
(invisible), 2 phantasmal warriors, a hellwing (caught), 3 hungry ghosts and a
mummy.

Vanquished Creatures
  Frederick (D)
  2 bone dragons (D)
  A lich (D)
  Rupert (D)
  Polyphemus (D)
  Gastronok (D)
  Chuck (D)
  2 sphinxes (D)
  2 shadow dragons (D)
  Dowan (D)
  Ilsuiw (D)
  4 azure jellies (D)
  Maud (D)
  A greater naga (D)
  2 vampire knights (D)
  2 dire elephants (D)
  A merfolk javelineer (D)
  7 mummy priests (D)
  Erolcha (D)
  4 yaktaur captains (D)
  A fire dragon (D)
  A naga warrior (D)
  4 anacondas (D)
  A centaur warrior (D)
  2 hydras (D)
  An ogre mage (D)
  4 death yaks (D)
  4 dancing weapons (D)
  3 skeletal warriors (D)
  2 deep elf knights (D)
  A death drake (D)
  A deep elf summoner (D)
  A spriggan druid (D)
  A lindwurm (D)
  A sea snake (D)
  An obsidian statue (D)
  An orc knight (D)
  2 deep elf conjurers (D)
  An orc sorcerer (D)
  6 ugly things (D)
  2 elephants (D)
  2 spiny frogs (D)
  A guardian serpent (D)
  A cyclops (shapeshifter) (D)
  9 black mambas (D)
  An orange crystal statue (D)
  A komodo dragon (D)
  3 wandering mushrooms (D)
  4 guardian mummies (D)
  A deep elf priest (D)
  A fire drake (D)
  A queen bee (D)
  4 spriggan defenders (D)
  3 orc high priests (D)
  8 blink frogs (D)
  A shadow (D)
  A snapping turtle (shapeshifter) (D)
  4 slime creatures (D)
  2 trapdoor spiders (D)
  4 redbacks (D)
  2 spriggans (D)
  2 hill giants (D)
  2 nagas (D)
  A spatial vortex (D)
  An orc warrior (D)
  A swamp drake (D)
  3 water moccasins (D)
  A necrophage (D)
  2 brain worms (D)
  3 two-headed ogres (D)
  A water elemental (D)
  A scorpion (D)
  32 killer bees (D)
  A wizard (D)
  7 orc priests (D)
  A jelly (D)
  Jessica (D)
  3 sheep (D)
  4 necromancers (D)
  3 humans (D)
  A kobold demonologist (D)
  4 adders (D)
  2 oozes (D)
  An adder zombie (D)
  An adder simulacrum (D)
  7 orcs (D)
  A bat zombie (D)
  A ball python zombie (D)
  A giant cockroach simulacrum (D)
  A quokka zombie (D)
  A rat (D)
  A bush (D)
  2 plants (D)
226 creatures vanquished.

Vanquished Creatures (collateral kills)
  Duvessa (D)
1 creature vanquished.

Vanquished Creatures (others)
  2 draconian scorchers (D)
  3 yaktaurs (D)
  An electric eel (D)
  7 plants (D)
13 creatures vanquished.

Grand Total: 240 creatures vanquished

Notes
Turn   | Place    | Note
--------------------------------------------------------------
     0 | D        | Kidiri the Spriggan Enchanter began the quest for the Orb.
     0 | D        | Reached XP level 1. HP: 9/9 MP: 5/5
     4 | D        | Reached skill level 5 in Stealth
    10 | D        | Reached XP level 2. HP: 13/13 MP: 5/7
    14 | D        | Learned a level 2 spell: Ensorcelled Hibernation
    14 | D        | Killed a yaktaur
    34 | D        | Noticed Jessica
    39 | D        | Killed Jessica
    39 | D        | Reached skill level 5 in Dodging
    39 | D        | Reached skill level 6 in Stealth
    39 | D        | Reached skill level 1 in Ice Magic
    39 | D        | Reached XP level 3. HP: 16/16 MP: 8/10
    44 | D        | Learned a level 3 spell: Confuse
    48 | D        | Learned a level 3 spell: Tukima's Dance
   208 | D        | Killed a white draconian scorcher
   208 | D        | Killed a white draconian scorcher
   220 | D        | Noticed a scorpion
   234 | D        | Killed a scorpion
   234 | D        | Reached skill level 7 in Stealth
   234 | D        | Reached skill level 5 in Spellcasting
   234 | D        | Reached skill level 5 in Hexes
   234 | D        | Reached XP level 4. HP: 18/21 MP: 6/12
   239 | D        | Learned a level 3 spell: Dazzling Spray
   295 | D        | Gained mutation: You evolve. [potion of mutation]
   295 | D        | Gained mutation: You are agile. (Dex +2) [potion of mutation]
   296 | D        | Gained mutation: Your muscles are strong. (Str +2) [potion of mutation]
   296 | D        | Gained mutation: Armour fits poorly on your strangely shaped body. [potion of mutation]
   296 | D        | Lost mutation: You are agile. (Dex +2) [potion of mutation]
   347 | D        | Noticed a water elemental
   349 | D        | Killed a water elemental
   349 | D        | Reached skill level 8 in Stealth
   349 | D        | Reached XP level 5. HP: 24/24 MP: 13/15
   359 | D        | Noticed a jelly
   360 | D        | Noticed a shadow
   455 | D        | Killed an electric eel
   548 | D        | Killed a shadow
   548 | D        | Reached skill level 9 in Dodging
   548 | D        | Reached skill level 10 in Stealth
   548 | D        | Reached XP level 6. HP: 28/28 MP: 0/17
   724 | D        | Lost mutation: Armour fits poorly on your strangely shaped body. [evolution]
   735 | D        | Killed a jelly
   741 | D        | Found a stormy altar of Qazlal.
   742 | D        | Found a sacrificial altar of Ru.
   742 | D        | Found a burning altar of Makhleb.
   742 | D        | Found a viscous altar of Jiyva.
   742 | D        | Found a shimmering altar of Xom.
   742 | D        | Found a shadowy altar of Dithmenos.
   742 | D        | Found a sparkling altar of Nemelex Xobeh.
   742 | D        | Found a corrupted altar of Lugonu.
   742 | D        | Found an opulent altar of Gozag.
   742 | D        | Noticed a spatial vortex
   747 | D        | Became a worshipper of Dithmenos the Shadowed
   754 | D        | Killed a spatial vortex
   754 | D        | Reached skill level 5 in Short Blades
   754 | D        | Reached skill level 11 in Stealth
   754 | D        | Reached skill level 1 in Invocations
   870 | D        | Found a radiant altar of Vehumet.
   871 | D        | Found a deep blue altar of Sif Muna.
   871 | D        | Found an ancient bone altar of Kikubaaqudgha.
   871 | D        | Noticed a wizard
   872 | D        | Killed a wizard
   872 | D        | Reached skill level 10 in Dodging
   895 | D        | Found a glowing silver altar of Zin.
   896 | D        | Found a glowing golden altar of the Shining One.
   896 | D        | Found a white marble altar of Elyvilon.
   896 | D        | Noticed a deep elf priest
   898 | D        | Killed a deep elf priest
   898 | D        | Reached skill level 12 in Stealth
   898 | D        | Reached XP level 7. HP: 32/32 MP: 18/20
   909 | D        | Found an iron altar of Okawaru.
   910 | D        | Found a bloodstained altar of Trog.
   910 | D        | Noticed a human
   910 | D        | Noticed a human
   912 | D        | Killed a human
   913 | D        | Killed a human
   913 | D        | Reached XP level 8. HP: 36/36 MP: 19/22
   930 | D        | Found a snail-covered altar of Cheibriados.
   930 | D        | Noticed a necrophage
   931 | D        | Found a basalt altar of Yredelemnul.
   931 | D        | Found a blossoming altar of Fedhas.
   931 | D        | Noticed a necromancer
   932 | D        | Killed a necrophage
   932 | D        | Acquired Dithmenos's first power
   932 | D        | Reached skill level 10 in Spellcasting
   933 | D        | Killed a necromancer
   953 | D        | Noticed a two-headed ogre
   953 | D        | Noticed a two-headed ogre
   957 | D        | Killed a two-headed ogre
   959 | D        | Killed a two-headed ogre
   959 | D        | Reached skill level 13 in Stealth
   961 | D        | Noticed a two-headed ogre
   962 | D        | Killed a two-headed ogre
  1073 | D        | Noticed a hill giant
  1076 | D        | Killed a hill giant
  1076 | D        | Acquired Dithmenos's second power
  1082 | D        | Noticed a hill giant
  1082 | D        | Noticed Erolcha
  1084 | D        | Killed Erolcha
  1084 | D        | Reached skill level 14 in Stealth
  1084 | D        | Reached skill level 5 in Ice Magic
  1084 | D        | Reached XP level 9. HP: 39/39 MP: 23/25
  1085 | D        | Killed a hill giant
  1171 | D        | Noticed a redback
  1176 | D        | Noticed a trapdoor spider
  1184 | D        | Killed a trapdoor spider
  1186 | D        | Killed a redback
  1186 | D        | Acquired Dithmenos's third power
  1266 | D        | Noticed a trapdoor spider
  1270 | D        | Killed a trapdoor spider
  1270 | D        | Reached skill level 5 in Invocations
  1355 | D        | Noticed a killer bee
  1355 | D        | Noticed a killer bee
  1355 | D        | Noticed a killer bee
  1355 | D        | Noticed a killer bee
  1355 | D        | Noticed a killer bee
  1355 | D        | Noticed a killer bee
  1355 | D        | Noticed a killer bee
  1355 | D        | Noticed a killer bee
  1355 | D        | Noticed a killer bee
  1355 | D        | Noticed a killer bee
  1355 | D        | Noticed a queen bee
  1355 | D        | Noticed a killer bee
  1355 | D        | Noticed a killer bee
  1355 | D        | Noticed a killer bee
  1355 | D        | Noticed a killer bee
  1356 | D        | Noticed a killer bee
  1356 | D        | Noticed a killer bee
  1356 | D        | Noticed a killer bee
  1356 | D        | Noticed a killer bee
  1356 | D        | Noticed a killer bee
  1356 | D        | Noticed a killer bee
  1356 | D        | Noticed a killer bee
  1356 | D        | Noticed a killer bee
  1356 | D        | Noticed a killer bee
  1356 | D        | Noticed a killer bee
  1356 | D        | Noticed a killer bee
  1356 | D        | Noticed a killer bee
  1356 | D        | Noticed a killer bee
  1356 | D        | Noticed a killer bee
  1356 | D        | Noticed a killer bee
  1356 | D        | Noticed a killer bee
  1356 | D        | Noticed a killer bee
  1356 | D        | Noticed a killer bee
  1357 | D        | Killed a killer bee
  1360 | D        | Killed a killer bee
  1362 | D        | Killed a killer bee
  1364 | D        | Killed a killer bee
  1364 | D        | Acquired Dithmenos's fourth power
  1366 | D        | Killed a killer bee
  1370 | D        | Killed a killer bee
  1372 | D        | Killed a killer bee
  1374 | D        | Killed a killer bee
  1378 | D        | Killed a killer bee
  1378 | D        | Reached skill level 15 in Stealth
  1380 | D        | Killed a killer bee
  1382 | D        | Killed a killer bee
  1384 | D        | Killed a killer bee
  1386 | D        | Killed a killer bee
  1574 | D        | Killed a killer bee
  1579 | D        | Killed a killer bee
  1586 | D        | Killed a killer bee
  1587 | D        | Killed a killer bee
  1587 | D        | Killed a killer bee
  1590 | D        | Killed a killer bee
  1591 | D        | Killed a killer bee
  1594 | D        | Killed a killer bee
  1595 | D        | Killed a killer bee
  1595 | D        | Killed a killer bee
  1725 | D        | Killed a killer bee
  1729 | D        | Killed a killer bee
  1730 | D        | Gained mutation: Your body sometimes deteriorates upon taking damage. [evolution]
  1731 | D        | Killed a killer bee
  1731 | D        | Reached XP level 10. HP: 44/44 MP: 17/27
  1737 | D        | Killed a killer bee
  1738 | D        | Killed a queen bee
  1738 | D        | Reached skill level 5 in Conjurations
  1742 | D        | Killed a killer bee
  1852 | D        | Killed a killer bee
  1856 | D        | Killed a killer bee
  1858 | D        | Killed a killer bee
  1858 | D        | Killed a killer bee
  1960 | D        | Noticed a wandering mushroom
  1961 | D        | Noticed a wandering mushroom
  1961 | D        | Noticed a wandering mushroom
  1962 | D        | Killed a wandering mushroom
  1964 | D        | Killed a wandering mushroom
  1964 | D        | Reached skill level 16 in Stealth
  1967 | D        | Killed a wandering mushroom
  1967 | D        | Reached skill level 15 in Dodging
  2018 | D        | Noticed a spiny frog
  2018 | D        | Noticed a komodo dragon
  2018 | D        | Noticed a spiny frog
  2021 | D        | Killed a komodo dragon
  2021 | D        | Reached skill level 10 in Hexes
  2024 | D        | Killed a spiny frog
  2025 | D        | Killed a spiny frog
  2027 | D        | Noticed a redback
  2029 | D        | Killed a redback
  2030 | D        | Noticed a brain worm
  2033 | D        | Killed a brain worm
  2035 | D        | Noticed a brain worm
  2037 | D        | Killed a brain worm
  2043 | D        | Noticed a lindwurm
  2045 | D        | Noticed a redback
  2046 | D        | Killed a lindwurm
  2046 | D        | Reached skill level 17 in Stealth
  2048 | D        | Killed a redback
  2052 | D        | Noticed a redback
  2053 | D        | Killed a redback
  2054 | D        | Noticed Maud
  2057 | D        | Killed Maud
  2057 | D        | Reached XP level 11. HP: 47/47 MP: 29/29
  2069 | D        | Noticed a four-headed hydra
  2069 | D        | Noticed a six-headed hydra
  2071 | D        | Killed a four-headed hydra
  2072 | D        | Killed a six-headed hydra
  2072 | D        | Reached skill level 18 in Stealth
  2082 | D        | Noticed a death drake
  2091 | D        | Killed a death drake
  2332 | D        | Found a blossoming altar of Fedhas.
  2332 | D        | Noticed a spriggan
  2332 | D        | Noticed a spriggan druid
  2332 | D        | Noticed a spriggan
  2334 | D        | Killed a spriggan
  2335 | D        | Killed a spriggan druid
  2336 | D        | Killed a spriggan
  2361 | D        | Noticed Polyphemus
  2362 | D        | Noticed a sea snake
  2362 | D        | Noticed Ilsuiw
  2362 | D        | Found Weodiont's Food Emporium.
  2363 | D        | Killed Polyphemus
  2363 | D        | Reached skill level 10 in Short Blades
  2369 | D        | Found Jeottedaigg's Antique Armour Shop.
  2370 | D        | Killed a sea snake
  2370 | D        | Reached skill level 15 in Spellcasting
  2418 | D        | Killed Ilsuiw
  2418 | D        | Reached skill level 19 in Stealth
  2444 | D        | Found Waeboc's Jewellery Shoppe.
  2444 | D        | Noticed a merfolk javelineer
  2446 | D        | Killed a merfolk javelineer
  2466 | D        | Got a barnacled rune of Zot
  2542 | D        | Noticed a swamp drake
  2542 | D        | Noticed a fire drake
  2543 | D        | Killed a fire drake
  2543 | D        | Reached XP level 12. HP: 51/51 MP: 32/32
  2545 | D        | Killed a swamp drake
  2606 | D        | Noticed a blink frog
  2607 | D        | Noticed a blink frog
  2607 | D        | Noticed a blink frog
  2607 | D        | Noticed a blink frog
  2607 | D        | Noticed a blink frog
  2608 | D        | Killed a blink frog
  2611 | D        | Killed a blink frog
  2612 | D        | Killed a blink frog
  2614 | D        | Killed a blink frog
  2622 | D        | Killed a blink frog
  2642 | D        | Gained mutation: You have large cloven feet. [evolution]
  2656 | D        | Noticed Rupert
  2658 | D        | Killed Rupert
  2658 | D        | Reached skill level 20 in Stealth
  2684 | D        | Noticed a death yak
  2685 | D        | Noticed a death yak
  2685 | D        | Noticed a blink frog
  2686 | D        | Killed a death yak
  2687 | D        | Noticed an azure jelly
  2687 | D        | Noticed a death yak
  2687 | D        | Noticed an azure jelly
  2687 | D        | Noticed a blink frog
  2687 | D        | Noticed a death yak
  2688 | D        | Killed a death yak
  2689 | D        | Killed a blink frog
  2690 | D        | Noticed a blink frog
  2690 | D        | Noticed a black mamba
  2705 | D        | Killed a death yak
  2714 | D        | Killed a death yak
  2736 | D        | Noticed a black mamba
  2738 | D        | Killed a black mamba
  2739 | D        | Killed a blink frog
  2986 | D        | Killed a black mamba
  2992 | D        | Killed a blink frog
  3018 | D        | Noticed an anaconda
  3019 | D        | Noticed a black mamba
  3022 | D        | Killed an anaconda
  3034 | D        | Killed a black mamba
  3076 | D        | Noticed a black mamba
  3076 | D        | Noticed a black mamba
  3076 | D        | Noticed a black mamba
  3076 | D        | Noticed a water moccasin
  3076 | D        | Noticed an anaconda
  3076 | D        | Noticed a water moccasin
  3078 | D        | Killed a water moccasin
  3079 | D        | Noticed a black mamba
  3080 | D        | Killed an anaconda
  3080 | D        | Reached skill level 21 in Stealth
  3081 | D        | Killed a black mamba
  3083 | D        | Killed a black mamba
  3085 | D        | Killed a black mamba
  3087 | D        | Killed a water moccasin
  3089 | D        | Killed a black mamba
  3112 | D        | Noticed an anaconda
  3112 | D        | Noticed a black mamba
  3112 | D        | Noticed a water moccasin
  3112 | D        | Noticed a black mamba
  3114 | D        | Killed a black mamba
  3115 | D        | Noticed an anaconda
  3116 | D        | Killed a water moccasin
  3119 | D        | Killed a black mamba
  3124 | D        | Killed an anaconda
  3124 | D        | Reached skill level 10 in Invocations
  3124 | D        | Reached XP level 13. HP: 55/55 MP: 35/35
  3126 | D        | Killed an anaconda
  3136 | D        | Noticed a naga
  3136 | D        | Noticed a naga
  3137 | D        | Noticed a naga warrior
  3137 | D        | Noticed a greater naga
  3139 | D        | Killed a naga
  3141 | D        | Killed a naga
  3148 | D        | Found Solebed's Antique Armour Boutique.
  3148 | D        | Found Ara Deikh's Food Emporium.
  3149 | D        | Killed a greater naga
  3150 | D        | Killed a naga warrior
  3251 | D        | Found Vifiam's Jewellery Shop.
  3260 | D        | Noticed a guardian serpent
  3263 | D        | Killed a guardian serpent
  3265 | D        | Got a serpentine rune of Zot
  3350 | D        | Noticed an azure jelly
  3350 | D        | Noticed an azure jelly
  3351 | D        | Noticed an elephant
  3351 | D        | Noticed an elephant
  3351 | D        | Noticed a dire elephant
  3351 | D        | Noticed a dire elephant
  3351 | D        | Noticed Gastronok
  3353 | D        | Killed Gastronok
  3353 | D        | Reached skill level 22 in Stealth
  3354 | D        | Killed a dire elephant
  3356 | D        | Killed a dire elephant
  3360 | D        | Killed an elephant
  3362 | D        | Killed an elephant
  3433 | D        | Noticed Dowan
  3433 | D        | Noticed Duvessa
  3437 | D        | Killed Dowan
  3444 | D        | Killed Duvessa
  3580 | D        | Noticed an orc high priest
  3580 | D        | Noticed an orc priest
  3581 | D        | Noticed an orc priest
  3581 | D        | Noticed an orc priest
  3582 | D        | Killed an orc high priest
  3583 | D        | Killed an orc priest
  3587 | D        | Killed an orc priest
  3589 | D        | Killed an orc priest
  3618 | D        | Noticed a spriggan defender
  3619 | D        | Noticed a spriggan defender
  3619 | D        | Noticed a spriggan defender
  3619 | D        | Noticed a spriggan defender
  3620 | D        | Killed a spriggan defender
  3621 | D        | Killed a spriggan defender
  3623 | D        | Killed a spriggan defender
  3624 | D        | Killed a spriggan defender
  3726 | D        | Noticed a centaur warrior
  3730 | D        | Killed a centaur warrior
  3739 | D        | Noticed a fire dragon
  3742 | D        | Killed a fire dragon
  3750 | D        | Noticed a white ugly thing
  3752 | D        | Killed a white ugly thing
  3762 | D        | Learned a level 2 spell: Slow
  3766 | D        | Learned a level 3 spell: Gell's Gravitas
  3771 | D        | Learned a level 4 spell: Cause Fear
  3776 | D        | Learned a level 4 spell: Leda's Liquefaction
  3787 | D        | Noticed a mace of crushing
  3787 | D        | Noticed a mace of crushing
  3788 | D        | Noticed a glaive of venom
  3789 | D        | Noticed a flail of venom
  4071 | D        | Killed a glaive of venom
  4082 | D        | Killed a flail of venom
  4082 | D        | Reached skill level 23 in Stealth
  4082 | D        | Reached skill level 10 in Ice Magic
  4286 | D        | Gained mutation: You possess an exceptional clarity of mind. [evolution]
  4286 | D        | Lost mutation: You evolve. [end of evolution]
  4348 | D        | Killed a mace of crushing
  4443 | D        | Killed a mace of crushing
  4721 | D        | Found Etuty's Armour Emporium.
  4721 | D        | Noticed an orc priest
  4721 | D        | Noticed an orc priest
  4722 | D        | Noticed an orc sorcerer
  4722 | D        | Noticed an orc priest
  4722 | D        | Noticed an orc knight
  4722 | D        | Noticed an orc warrior
  4722 | D        | Noticed an orc priest
  4722 | D        | Noticed an orc high priest
  4722 | D        | Noticed an orc high priest
  4723 | D        | Killed an orc priest
  4724 | D        | Killed an orc priest
  4727 | D        | Killed an orc high priest
  4734 | D        | HP: 2/55 [orc knight/battleaxe (18)]
  5030 | D        | Killed an orc priest
  5032 | D        | Killed an orc warrior
  5037 | D        | Killed an orc knight
  5039 | D        | Killed an orc high priest
  5060 | D        | Killed an orc priest
  5152 | D        | Noticed a deep elf summoner
  5152 | D        | Noticed a deep elf conjurer
  5152 | D        | Noticed a deep elf conjurer
  5152 | D        | Noticed a deep elf knight
  5152 | D        | Noticed a deep elf knight
  5170 | D        | Killed a deep elf summoner
  5173 | D        | Noticed a deep elf demonologist
  5175 | D        | Killed a deep elf knight
  5177 | D        | Killed a deep elf conjurer
  5179 | D        | Killed a deep elf knight
  5181 | D        | Killed a deep elf conjurer
  5182 | D        | Noticed a deep elf demonologist
  5320 | D        | Killed a yaktaur
  5333 | D        | Bought a glowing cloak for 72 gold pieces
  5448 | D        | Killed an azure jelly
  5448 | D        | Reached XP level 14. HP: 59/59 MP: 17/38
  5531 | D        | Killed an azure jelly
  5533 | D        | Killed an azure jelly
  5533 | D        | Reached skill level 24 in Stealth
  5534 | D        | Killed an azure jelly
  5592 | D        | Bought the ring of Xean {rN+ MR+ EV+2 Dex+2 Slay+3} for 479 gold pieces
  5592 | D        | Bought the ring of Naohal {+Fly Int+4} for 361 gold pieces
  5663 | D        | Killed a yaktaur
  5721 | D        | Noticed a yaktaur captain
  5722 | D        | Noticed a yaktaur captain
  5722 | D        | Noticed a yaktaur captain
  5909 | D        | Killed a yaktaur captain
  5941 | D        | Killed an orc sorcerer
  6226 | D        | Killed a yaktaur captain
  6231 | D        | Killed a yaktaur captain
  6231 | D        | Reached skill level 15 in Hexes
  6386 | D        | Noticed a slime creature
  6386 | D        | Noticed a snapping turtle
  6388 | D        | Noticed a white ugly thing
  6389 | D        | Killed a snapping turtle
  6390 | D        | Noticed a yaktaur captain
  6391 | D        | Killed a slime creature
  6393 | D        | Killed a white ugly thing
  6395 | D        | Noticed a slime creature
  6455 | D        | Killed a yaktaur captain
  6495 | D        | Killed a slime creature
  6513 | D        | Noticed a brown ugly thing
  6513 | D        | Noticed a cyan ugly thing
  6514 | D        | Noticed Chuck
  6514 | D        | Noticed a slime creature
  6515 | D        | Killed a cyan ugly thing
  6517 | D        | Killed a brown ugly thing
  6520 | D        | Killed a slime creature
  6545 | D        | Killed Chuck
  6661 | D        | Noticed a slime creature
  6661 | D        | Noticed Frederick
  6663 | D        | Killed a slime creature
  6665 | D        | Killed Frederick
  6665 | D        | Reached skill level 25 in Stealth
  6665 | D        | Reached skill level 10 in Conjurations
  6702 | D        | Noticed a brown ugly thing
  6705 | D        | Killed a brown ugly thing
  6706 | D        | Noticed a lich
  6708 | D        | Killed a lich
  6708 | D        | Reached skill level 1 in Earth Magic
  6742 | D        | Noticed a purple ugly thing
  6742 | D        | Noticed a cyclops
  6744 | D        | Killed a cyclops
  6745 | D        | Noticed a shadow dragon
  6745 | D        | Killed a purple ugly thing
  6746 | D        | Noticed a shadow dragon
  6747 | D        | Noticed an ogre mage
  6749 | D        | Killed a shadow dragon
  6750 | D        | Killed a shadow dragon
  6751 | D        | Killed an ogre mage
  6800 | D        | Noticed an obsidian statue
  6811 | D        | Killed an obsidian statue
  7011 | D        | Noticed a necromancer
  7013 | D        | Killed a necromancer
  7119 | D        | Noticed a skeletal warrior
  7121 | D        | Killed a skeletal warrior
  7128 | D        | Noticed a skeletal warrior
  7130 | D        | Killed a skeletal warrior
  7231 | D        | Noticed a necromancer
  7233 | D        | Killed a necromancer
  7253 | D        | Noticed a bone dragon
  7255 | D        | Killed a bone dragon
  7255 | D        | Reached skill level 5 in Translocations
  7255 | D        | Reached skill level 1 in Evocations
  7255 | D        | Reached XP level 15. HP: 63/63 MP: 40/40
  7284 | D        | Noticed a guardian mummy
  7286 | D        | Killed a guardian mummy
  7349 | D        | Noticed a vampire knight
  7361 | D        | Killed a vampire knight
  7361 | D        | Reached skill level 26 in Stealth
  7518 | D        | Noticed a bone dragon
  7520 | D        | Killed a bone dragon
  7526 | D        | Noticed a necromancer
  7528 | D        | Killed a necromancer
  7534 | D        | Noticed a skeletal warrior
  7536 | D        | Killed a skeletal warrior
  7541 | D        | Noticed a vampire knight
  7545 | D        | Killed a vampire knight
  7777 | D        | Noticed an orange crystal statue
  7788 | D        | Killed an orange crystal statue
  7992 | D        | Found Woorph's Book Emporium.
  7992 | D        | Found Vuetom's Magic Scroll Shop.
  7992 | D        | Found Gukudom's Weapon Shoppe.
  7992 | D        | Found Piobad's Distillery.
  7992 | D        | Found Debragg's Antique Weapon Emporium.
  7992 | D        | Found Ihijo's Jewellery Shop.
  7992 | D        | Found Zetzevek's Armour Emporium.
  7992 | D        | Found Pysu's Jewellery Boutique.
  7993 | D        | Found Seolog's Assorted Antiques.
  7993 | D        | Found Veasy's Food Shoppe.
  7993 | D        | Found Dufamoh's Antique Armour Shop.
  7993 | D        | Found Xaduohap's Gadget Emporium.
  8012 | D        | Bought a potion of curing for 42 gold pieces
  8012 | D        | Bought a potion of mutation for 35 gold pieces
  8012 | D        | Bought a potion of heal wounds for 70 gold pieces
  8012 | D        | Bought a potion of curing for 42 gold pieces
  8015 | D        | Bought a scroll of enchant weapon for 90 gold pieces
  8015 | D        | Bought a scroll of identify for 24 gold pieces
  8015 | D        | Bought a scroll of identify for 24 gold pieces
  8015 | D        | Bought a scroll of identify for 24 gold pieces
  8015 | D        | Bought a scroll of identify for 24 gold pieces
  8015 | D        | Bought a scroll of magic mapping for 42 gold pieces
  8015 | D        | Bought a scroll of enchant armour for 90 gold pieces
  8120 | D        | Noticed a mummy priest
  8121 | D        | Noticed a sphinx
  8121 | D        | Noticed a sphinx
  8122 | D        | Killed a mummy priest
  8124 | D        | Killed a sphinx
  8125 | D        | Killed a sphinx
  8125 | D        | Reached skill level 5 in Evocations
  8184 | D        | Noticed a guardian mummy
  8184 | D        | Noticed a mummy priest
  8186 | D        | Killed a mummy priest
  8186 | D        | Reached skill level 15 in Short Blades
  8187 | D        | Killed a guardian mummy
  8426 | D        | Noticed a mummy priest
  8428 | D        | Killed a mummy priest
  8548 | D        | Noticed a guardian mummy
  8549 | D        | Noticed a mummy priest
  8549 | D        | Noticed a mummy priest
  8549 | D        | Noticed a mummy priest
  8549 | D        | Noticed a mummy priest
  8549 | D        | Noticed a guardian mummy
  8550 | D        | Killed a guardian mummy
  8566 | D        | Killed a mummy priest
  8566 | D        | Reached skill level 5 in Earth Magic
  8804 | D        | Killed a mummy priest
  8806 | D        | Noticed a mummy priest
  8806 | D        | Noticed a mummy priest
  8810 | D        | Killed a mummy priest
  8813 | D        | Killed a guardian mummy
  8824 | D        | Killed a mummy priest
  8830 | D        | HP: 4/94 [vampire[a mummy priest] (3)]
  8856 | D        | Killed by the power of Zot

Vault maps used:
D:        dungeon_sprint_mu

Action                   |  1- 3 |  4- 6 |  7- 9 | 10-12 | 13-15 || total
-------------------------+-------+-------+-------+-------+-------++-------
Melee: Dagger            |    19 |    23 |    52 |    90 |    74 ||   258
       Rapier            |       |       |       |       |   153 ||   153
Throw: Throwing net      |       |       |       |       |     2 ||     2
 Cast: Ensorcelled Hiber |     3 |       |    20 |    11 |    25 ||    59
       Corona            |     1 |     2 |       |       |       ||     3
       Dazzling Spray    |       |    15 |    11 |    17 |    76 ||   119
       Confuse           |       |       |       |     2 |    16 ||    18
       Gell's Gravitas   |       |       |       |       |     4 ||     4
       Slow              |       |       |       |       |     3 ||     3
       Tukima's Dance    |       |       |       |       |     4 ||     4
Invok: Shadow Step       |       |       |     1 |    15 |    18 ||    34
 Abil: Evoke Flight      |       |       |       |       |     1 ||     1
  Use: Scroll            |       |     4 |       |     1 |     8 ||    13
       Potion            |       |     5 |     1 |     1 |     8 ||    15
 Stab: Sleeping          |     5 |     5 |    27 |    54 |    74 ||   165
       Invisible         |       |       |     6 |     6 |     3 ||    15
       Distracted        |       |       |       |     1 |     3 ||     4
       Confused          |       |       |       |       |     4 ||     4
       Held in net/web   |       |       |       |       |     2 ||     2
  Eat: Fruit             |       |       |       |     5 |       ||     5
       Bread ration      |       |       |       |       |     1 ||     1
